 Dungeon Crawl Stone Soup version 0.23.2-1-ga50397a (webtiles) character file.

Game seed: 8145893851278862782

610 xveg the Archer (level 7, -2/57 HPs)
             Began as a Centaur Hunter on May 9, 2019.
             Shot with an arrow by a centaur (11 damage)
             ... on level 5 of the Dungeon.
             The game lasted 00:06:33 (3435 turns).

xveg the Archer (Centaur Hunter)                    Turns: 3435, Time: 00:06:34

Health: -2/57      AC:  5    Str: 15    XL:     7   Next: 20%
Magic:  7/7        EV:  9    Int: 10    God:
Gold:   179        SH:  0    Dex: 11    Spells: 6/6 levels left

rFire    . . .     SeeInvis .   a - +1 shortbow
rCold    . . .     Gourm    .   (shield currently unavailable)
rNeg     . . .     Faith    .   k - +0 ring mail
rPois    .         Spirit   .   (no helmet)
rElec    .         Reflect  .   (no cloak)
rCorr    +         Harm     .   (no gloves)
MR       .....                  (no barding)
Stlth    ..........             q - amulet of inaccuracy
HPRegen  0.19/turn              o - ring of resist corrosion
MPRegen  0.10/turn              (no ring)

@: very quick
A: large, hooves 3, deformed body, speed 2, tough skin 3
a: no special abilities


You were on level 5 of the Dungeon.
You were not hungry.

You visited 1 branch of the dungeon, and saw 5 of its levels.

You collected 179 gold pieces.

Inventory:

Hand Weapons
 a - a +1 shortbow (weapon)
 b - a +0 short sword
 r - a +4 scythe
 v - a +3 quarterstaff of chaos
Missiles
 d - 37 arrows (quivered)
Armour
 c - a +1 leather armour
 k - a +0 ring mail (worn)
 s - a +1 robe of magic resistance
 w - a +0 cloak
Jewellery
 o - a ring of resist corrosion (left hand)
 q - an amulet of inaccuracy (around neck)
Wands
 h - a wand of digging (5)
 t - a wand of acid (6)
Scrolls
 g - a scroll of blinking
 i - 2 scrolls of identify
 j - 3 scrolls of teleportation
 p - a scroll of noise {unknown}
 u - a scroll of amnesia
 x - a scroll of enchant armour
Potions
 e - a potion of ambrosia {unknown}
 l - 2 potions of flight {unknown}
 m - a potion of heal wounds
 n - a potion of lignification {unknown}
Comestibles
 f - 7 rations


   Skills:
 + Level 3.6 Fighting
 + Level 9.6 Bows
 * Level 1.8 Armour
 + Level 2.0 Dodging
 + Level 0.6 Stealth


You had 6 spell levels left.
You didn't know any spells.
Your spell library was empty.

Dungeon Overview and Level Annotations

Branches:
Dungeon (5/15)
 Temple: D:4-7

Altars:
Elyvilon
Xom
Yredelemnul


Innate Abilities, Weirdness & Mutations

You have hooves in place of feet.
Armour fits poorly on your strangely shaped body.
You cover ground very quickly.
You have extremely tough skin. (AC +3)


Message History

The centaur shoots an arrow.
The arrow hits you!
* * * LOW HITPOINT WARNING * * *
Firing (i - inventory)
d - 40 arrows (quivered)
Press: ? - help, Shift-Dir - straight line, f/p - centaur
Aim: a centaur, wielding a +0 shortbow (moderately wounded)
You shoot an arrow. The arrow closely misses the centaur.
A centaur comes into view.
Firing (i - inventory)
d - 39 arrows (quivered)
Press: ? - help, Shift-Dir - straight line, f - centaur
Aim: a centaur You shoot an arrow.
The arrow closely misses the centaur.
The centaur wields a cursed -2 shortbow.
The centaur shoots an arrow.
The arrow closely misses you.
Firing (i - inventory)
d - 38 arrows (quivered)
Press: ? - help, Shift-Dir - straight line, f/p - centaur
Aim: a centaur, wielding a -2 shortbow You shoot an arrow.
The arrow hits the centaur!
The centaur is heavily wounded.
The centaur shoots an arrow.
The arrow hits you!
You die...

#..# #..#####
#...... ##
##############.....
..) ##.....>.....
..... #.#
..)..###.....
.?.##.. ...#.#
#.####. #..#.#
####.# #.#
#.##@...# #.# #.#
#.#..#cc(# #.# #.#
#...## .(# #.# #.#
##...# # #.# #.#
#.#...... #.#
#.#######.######.
#.# #.........#
#.####.########
#......#


You could see 2 centaurs.

Vanquished Creatures
  Sigmund (D:3)
  A sky beast (D:5)
  A scorpion (D:4)
  Crazy Yiuf (D:3)
  A hound (D:4)
  2 bullfrog skeletons
  A centaur skeleton (D:5)
  A worker ant (D:4)
  3 gnolls (D:5)
  4 adders
  An ooze (D:1)
  2 adder skeletons (D:4)
  3 dart slugs
  6 leopard geckos
  An orc (D:4)
  A bat zombie (D:1)
  2 giant cockroaches
  10 goblins
  4 hobgoblins
  5 jackals
  7 kobolds
  A quokka (D:4)
  A ball python (D:3)
  A ball python zombie (D:1)
  7 bats
  3 frilled lizards
  A leopard gecko skeleton (D:4)
  7 rats
79 creatures vanquished.

Notes
Turn   | Place    | Note
-------+----------+-------------------------------------------
     0 | D:1      | xveg the Centaur Hunter began the quest for the Orb.
     0 | D:1      | Reached XP level 1. HP: 17/17 MP: 1/1
   169 | D:1      | Reached XP level 2. HP: 23/24 MP: 2/2
   619 | D:1      | Reached skill level 6 in Bows
   629 | D:1      | Reached XP level 3. HP: 19/30 MP: 3/3
  1331 | D:2      | Reached XP level 4. HP: 32/37 MP: 4/4
  1766 | D:3      | Noticed Sigmund
  1781 | D:3      | Killed Sigmund
  1781 | D:3      | Reached skill level 8 in Bows
  1781 | D:3      | Reached skill level 1 in Armour
  1781 | D:3      | Reached XP level 5. HP: 20/45 MP: 5/5
  2203 | D:3      | Found a runed translucent door.
  2204 | D:3      | Noticed Crazy Yiuf
  2366 | D:3      | Killed Crazy Yiuf
  2366 | D:3      | Reached XP level 6. HP: 34/51 MP: 6/6
  2722 | D:4      | Found a shimmering altar of Xom.
  2789 | D:4      | Found a basalt altar of Yredelemnul.
  2833 | D:4      | Reached skill level 9 in Bows
  2851 | D:4      | Found a white marble altar of Elyvilon.
  3288 | D:5      | Entered Level 5 of the Dungeon
  3345 | D:5      | Reached XP level 7. HP: 57/57 MP: 7/7
  3435 | D:5      | Shot with an arrow by a centaur

Skill      XL: |  1  2  3  4  5  6 |
---------------+-------------------+-----
Bows           | 6 8 9 |  9.6
Fighting       | 3 |  3.6
Armour         | 1 |  1.8
Dodging        | 2 |  2.0
Stealth        | |  0.6

Action                   |  1- 3 |  4- 6 |  7- 9 || total
-------------------------+-------+-------+-------++-------
Melee: Shortbow          |       |       |     2 ||     2
       Kick              |       |       |     1 ||     1
 Fire: Shortbow          |   116 |   197 |    31 ||   344
Evoke: Wand              |       |     2 |       ||     2
  Use: Scroll            |       |     6 |       ||     6
       Potion            |       |     1 |       ||     1
  Eat: Chunk             |       |     2 |       ||     2
       Ration            |       |     1 |       ||     1
Armor: Leather armour    |    20 |    24 |       ||    44
       Ring mail         |       |    17 |     6 ||    23
Dodge: Dodged            |    23 |    41 |     6 ||    70
